 Dungeon Crawl Stone Soup version 0.20.1-1-g8b1a95d (webtiles) character file.

106 HuneSparrow the Skirmisher (level 4, -15/37 HPs)
             Began as a Demonspawn Fighter on July 31, 2017.
             Blown up by Ijyb (21 damage)
             ... with a wand of disintegration (?/24)
             ... on level 3 of the Dungeon.
             The game lasted 00:07:03 (2231 turns).

HuneSparrow the Skirmisher (Demonspawn Fighter)     Turns: 2231, Time: 00:07:03

Health: -15/37     AC: 13    Str: 22    XL:     4   Next: 55%
Magic:  4/4        EV:  7    Int:  9    God:
Gold:   96         SH: 10    Dex: 13    Spells: 3/3 levels left

rFire    + . .     SeeInvis .   a - +0 long sword
rCold    . . .     Gourm    .   c - +1 shield
rNeg     . . .     Faith    .   b - +0 scale mail
rPois    .         Spirit   .   (no helmet)
rElec    .         Reflect  .   u - +2 cloak
rCorr    .         Harm     .   (no gloves)
MR       .....                  (no boots)
Stlth    +.........             r - amulet of inaccuracy (curse)
Regen    0.2/turn               t - ring of stealth
MPRegen  0.1/turn               q - ring of protection from fire

@: mighty
A: icy blue scales 2
a: no special abilities


You were on level 3 of the Dungeon.
You were hungry.

You visited 1 branch of the dungeon, and saw 3 of its levels.

You collected 96 gold pieces.

Inventory:

Hand Weapons
 a - a +0 long sword (weapon)
Armour
 b - a +0 scale mail (worn)
 c - a +1 shield (worn)
 u - a +2 cloak (worn)
Jewellery
 h - a +2 ring of intelligence
 q - a ring of protection from fire (right hand)
 r - a cursed amulet of inaccuracy (around neck)
 t - a ring of stealth (left hand)
Scrolls
 i - 3 scrolls of identify
 n - a scroll of teleportation
 o - 2 scrolls of fog
Potions
 d - a potion of might
 e - a potion of flight
 g - a potion of mutation
 k - 3 potions of invisibility
Comestibles
 f - 3 bread rations
 j - 2 royal jellies
 l - 5 fruits
 m - 2 meat rations
 s - a chunk of flesh


   Skills:
 + Level 4.0 Fighting
 * Level 2.5 Long Blades
 + Level 3.2 Armour
 + Level 3.3 Shields


You had 3 spell levels left.
You didn't know any spells.

Dungeon Overview and Level Annotations

Branches:
Dungeon (3/15)

Altars:
Trog

Annotations:
D:3 Ijyb; trancid's ghost, amateur DrBe


Innate Abilities, Weirdness & Mutations

You are mostly covered in icy blue scales. (AC +3)


Message History

Level annotation: trancid's ghost, amateur DrBe
There is a stone staircase leading up here.
Some of the chunks of flesh in your inventory have rotted away.
There is a stone staircase leading down here.
Ijyb the Twisted Goblin comes into view.
She is wielding a club.
Ijyb shouts!
Ijyb zaps a wand.
You are blasted!
It is a wand of disintegration (?/24).
Ijyb zaps a wand.
You barely resist.
Ijyb zaps a wand.
You are blasted!
Ijyb hits you with a club.
You miss Ijyb.
Ijyb zaps a wand.
You are blasted!
You feel very mighty all of a sudden. Ijyb hits you but does no damage.
You hit Ijyb but do no damage.
Ijyb zaps a wand.
You are blasted!
* * * LOW HITPOINT WARNING * * *
You slice Ijyb!!
Ijyb is almost dead.
Ijyb zaps a wand.
You are blasted!
Ouch! That really hurt!
You die...

...#.#####.........
..<.......#####..#
#.#.####..# #..#
#.#.###...## #.^#
#.#####..........####...
#................#....>.
#.#####.#.>.........<...
#.#####...##.###.# #@#
######.# #.# #g# #.# #.#
#.. #.# #.# ..#. #.# #.#
##.#. #.# #.# # #. #.#
#.# .. #.# #.# ..


You could see Ijyb.

Vanquished Creatures
  Jessica (D:2)
  An adder (D:3)
  3 worms
  2 leopard geckos
  5 orcs
  5 giant cockroaches
  3 hobgoblins
  2 jackals (D:3)
  A quokka (D:2)
  A ball python (D:2)
  5 bats
  4 frilled lizards
  8 goblins
  10 kobolds
  8 rats
59 creatures vanquished.

Notes
Turn   | Place    | Note
-------+----------+-------------------------------------------
     0 | D:1      | HuneSparrow the Demonspawn Fighter began the quest for the Orb.
     0 | D:1      | Reached XP level 1. HP: 18/18 MP: 1/1
   201 | D:1      | Gained mutation: You are partially covered in icy blue scales. (AC +2) [demonic ancestry]
   201 | D:1      | Reached XP level 2. HP: 19/24 MP: 2/2
   747 | D:2      | Noticed Jessica
   754 | D:2      | Killed Jessica
   754 | D:2      | Reached XP level 3. HP: 23/29 MP: 3/3
  1049 | D:2      | Found a bloodstained altar of Trog.
  1348 | D:2      | Gained mutation: You are mostly covered in icy blue scales. (AC +3) [demonic ancestry]
  1348 | D:2      | Reached XP level 4. HP: 36/37 MP: 4/4
  2032 | D:3      | Reached skill level 4 in Fighting
  2127 | D:3      | Noticed trancid's ghost (amateur DrBe)
  2223 | D:3      | Noticed Ijyb
  2231 | D:3      | Blown up by Ijyb

Skill      XL: |  1  2  3  4 |
---------------+-------------+-----
Shields        | 3 |  3.3
Long Blades    | 2 |  2.5
Armour         | 3 |  3.2
Fighting       | 4 |  4.0

Action                   |  1- 3 |  4- 6 || total
-------------------------+-------+-------++-------
Melee: Long sword        |   136 |   130 ||   266
  Use: Scroll            |     6 |     3 ||     9
       Potion            |       |     1 ||     1
  Eat: Chunk             |     2 |     2 ||     4
Armor: Scale mail        |    67 |    62 ||   129
Dodge: Dodged            |    41 |    39 ||    80
Block: Shield            |    80 |    78 ||   158
       Rpst.: Long sword |    13 |    15 ||    28
